 Dungeon Crawl Stone Soup version 0.19-a0-611-gb5a7e8d (webtiles) character file.

147 shmeve the Chopper (level 5, -2/70 HPs)
             Began as a Minotaur Berserker on June 13, 2016.
             Was a Believer of Trog.
             Slain by a gnoll
             ... wielding a +0 halberd
              (8 damage)
             ... on level 3 of the Dungeon.
             The game lasted 00:04:00 (2261 turns).

shmeve the Chopper (Minotaur Berserker)             Turns: 2261, Time: 00:04:01

Health: -2/70      AC:  3    Str: 28    XL:     5   Next: 7%
Magic:  4/4        EV: 13    Int:  4    God:    Trog [**....]
Gold:   91         SH:  0    Dex:  9    Spells: 0 memorised, 4 levels left

rFire  . . .     SeeInvis .     a - +0 hand axe
rCold  . . .     Gourm    .     b - +0 animal skin
rNeg   . . .     Faith    .     (no shield)
rPois  .         Spirit   .     (helmet restricted)
rElec  .         Dismiss  .     (no cloak)
rCorr  .         Reflect  .     i - +0 pair of gloves
SustAt .         Harm     .     (no boots)
MR     .....                    (no amulet)
Stlth  ..........               (no ring)
                                (no ring)

@: berserking, lethally poisoned (-2 -> -4), very quick, not resistant to
hostile enchantments, extremely unstealthy
A: retaliatory headbutt, horns 2
a: Berserk, Trog's Hand, Burn Spellbooks, Renounce Religion


You were on level 3 of the Dungeon.
You worshipped Trog.
Trog was pleased with you.
You were hungry.

You visited 1 branch of the dungeon, and saw 3 of its levels.

You collected 91 gold pieces.

Inventory:

Hand Weapons
 a - a +0 hand axe (weapon)
 l - a +0 hunting sling
Armour
 b - a +0 animal skin (worn)
 i - a +0 pair of gloves (worn)
Scrolls
 e - 2 scrolls of teleportation {unknown}
 f - 2 scrolls of identify {unknown}
 j - a scroll of magic mapping {unknown}
Potions
 d - a potion of degeneration {unknown}
 h - 2 potions of heal wounds {unknown}
 n - a potion of cure mutation {unknown}
 o - a potion of haste {unknown}
Comestibles
 c - 2 bread rations
 g - a beef jerky
 k - 3 fruits
 m - 2 chunks of flesh


   Skills:
 * Level 4.8 Fighting
 * Level 4.9 Axes
 + Level 0.9 Slings
 + Level 3.3 Armour
 + Level 3.1 Dodging


You had 4 spell levels left.
You didn't know any spells.

Dungeon Overview and Level Annotations

Branches:
Dungeon (3/15)

Altars:
The Shining One


Innate Abilities, Weirdness & Mutations

You reflexively headbutt those who attack you in melee.
You have a pair of horns on your head.


Message History

Trog accepts your kill.
You closely miss the goblin.
You feel sick. The gnoll misses you.
You hit the gnoll. Your headbutt misses the gnoll.
The gnoll is almost dead.
You hit the goblin.
You kill the goblin!
Trog accepts your kill.
You closely miss the giant cockroach. The gnoll barely misses you.
The giant cockroach closely misses you. You furiously retaliate!
You headbutt the giant cockroach!
You kill the giant cockroach!
Trog accepts your kill.
You have reached level 5!
The gnoll hits you with a whip.
* * * LOW HITPOINT WARNING * * *
You hit the gnoll.
You kill the gnoll!
Trog accepts your kill.
The gnoll hits you from afar with a halberd!
You die...

#.....).#
#...(...# ######
#.......# .....
..##.......####
.... #
.........†.....#
... ..
...#####.......#
.. #... ##
###.....#
g#....<
#.....##)......
#......@).#
###..###†......
....... ..#....
#####..#........
.... ..#.. .
.####..#.... ##
..# ... ..# ..


You could see a gnoll.

Vanquished Creatures
  6 gnolls
  3 adders
  An ooze (D:1)
  2 dart slugs (D:1)
  2 giant geckos (D:1)
  7 giant cockroaches
  6 goblins
  5 hobgoblins
  5 jackals
  4 bats
  3 giant newts
  5 kobolds
  2 rats
51 creatures vanquished.

Notes
Turn   | Place    | Note
--------------------------------------------------------------
     0 | D:1      | shmeve the Minotaur Berserker began the quest for the Orb.
     0 | D:1      | Reached XP level 1. HP: 19/19 MP: 0/0
   278 | D:1      | Reached XP level 2. HP: 21/27 MP: 1/1
   994 | D:1      | Reached ** piety under Trog
   994 | D:1      | Reached XP level 3. HP: 26/33 MP: 2/2
  1241 | D:2      | Reached XP level 4. HP: 20/41 MP: 3/3
  2097 | D:2      | Found a glowing golden altar of the Shining One.
  2260 | D:3      | Reached XP level 5. HP: 6/47 MP: 4/4
  2261 | D:3      | Slain by a gnoll

Vault maps used:
D:1:      ncdulo_wetmaze, serial_co_window_serial, co_window_of_opportunity_a,
          co_window_paths_b, co_window_of_opportunity_a, co_window_paths_a,
          co_window_paths_b, co_window_corner_a, co_window_corner_b,
          co_window_corner_b, co_window_paths_c, co_window_2corner,
          co_window_broadway_c, glass_columns_c, glass_columns_c
D:2:      tso_oasis_becter, first_bread
D:3:      nicolae_overflow_hidden_temple, lemuel_doored_altar,
          gammafunk_temple_overflow_elements

Skill      XL: |  1  2  3  4 |
---------------+-------------+-----
Axes           | 4 |  4.9
Fighting       | 4 |  4.8
Dodging        | 3 |  3.1
Armour         | 3 |  3.3
Slings         | |  0.9

Action                   |  1- 3 |  4- 6 || total
-------------------------+-------+-------++-------
Melee: Hand axe          |    49 |    43 ||    92
       Headbutt          |     8 |     2 ||    10
Invok: Berserk           |     1 |     1 ||     2
  Eat: Chunk             |     1 |     4 ||     5
Armor: Animal skin       |     4 |     7 ||    11
Dodge: Dodged            |    36 |    42 ||    78
